 Dungeon Crawl Stone Soup version 0.28.0-53-g5a82cb258f (webtiles) character file.

Game seed: 9509412755381635220

240 firemarshallily the Sneak (level 6, -10/42 HPs)
             Began as an Octopode Brigand on July 7, 2022.
             Was a Follower of Dithmenos.
             Mangled by an orc warrior
             ... wielding a +0 dire flail
              (25 damage)
             ... on level 4 of the Dungeon.
             The game lasted 00:08:24 (3790 turns).

firemarshallily the Sneak (Octopode Brigand)        Turns: 3790, Time: 00:08:24

Health: -10/42     AC:  1    Str: 10    XL:     6   Next: 8%
Magic:  15/15      EV: 12    Int: 14    God:    Dithmenos [*.....]
Gold:   225        SH:  0    Dex: 15    Spells: 5/5 levels left

rFire   . . .      SeeInvis .   a - +3 dagger
rCold   . . .      Faith    .   (no shield)
rNeg    . . .      Spirit   .   (helmet restricted)
rPois   +          Reflect  .   (no amulet)
rElec   .          Harm     .   k - ring of poison resistance
rCorr   .          Rampage  .   p - ring of magical power
Will    .....                   (no ring)
Stlth   +++++.....              (no ring)
HPRegen 0.14/turn               (no ring)
MPRegen 0.14/turn               (no ring)
                                (no ring)
                                (no ring)

@: wreathed by umbra
A: almost no armour, amphibious, 8 rings, camouflage 1, gelatinous body 1,
(nimble swimmer 1), tentacles
a: Renounce Religion


You were on level 4 of the Dungeon.
You worshipped Dithmenos.
Dithmenos was aware of your devotion.
You visited 1 branch of the dungeon, and saw 4 of its levels.

You collected 225 gold pieces.

Inventory:

Hand Weapons
 a - a +3 dagger (weapon)
Missiles
 b - 8 poisoned darts (quivered)
 c - a curare-tipped dart
 f - 41 stones
Jewellery
 j - a ring of ice
 k - a ring of poison resistance (left tentacle)
 p - a ring of magical power (right tentacle)
Scrolls
 o - a scroll of teleportation
Potions
 d - a potion of flight {unknown}
 e - a potion of ambrosia {unknown}
 g - 2 potions of haste
 h - a potion of might {unknown}
 i - 2 potions of curing
 m - a potion of cancellation {unknown}


   Skills:
 + Level 3.4 Fighting
 * Level 4.5 Short Blades
 - Level 2.0 Throwing
 - Level 1.0 Dodging
 + Level 6.8 Stealth


You had 5 spell levels left.
You didn't know any spells.
Your spell library was empty.

Dungeon Overview and Level Annotations

Branches:
Dungeon (4/15)
 Temple: D:4-7

Altars:
Dithmenos
Sif Muna


Innate Abilities, Weirdness & Mutations

You cannot wear most types of armour.
You are amphibious.
You can wear up to eight rings at the same time.
Your skin changes colour to match your surroundings (Stealth+).
Your rubbery body absorbs attacks. (AC +1, EV +1)
((You are camouflaged when in or above water. (Stealth+)))
You have tentacles for arms and can constrict up to eight enemies at once.


Message History

The curare-tipped dart hits the orc warrior.
The orc warrior is poisoned.
The orc warrior convulses.
The orc warrior seems to slow down.
The orc warrior is moderately wounded.
An orc opens the door.
The orc shouts!
You hit the orc warrior but do no damage.
You grab the orc warrior. You squeeze the orc warrior.
The orc warrior is moderately wounded.
You constrict the orc warrior.
You hear a shout!
A scorpion comes into view.
An endoplasm comes into view.
You hit the orc warrior but do no damage.
You squeeze the orc warrior, but do no damage.
The orc warrior is heavily wounded.
You constrict the orc warrior, but do no damage.
The orc warrior hits you with a +0 dire flail!
You release your grip on the orc warrior.
A kobold comes into view.
It is wielding a +1 vampiric short sword.
There is an open door here.
The orc hits you with a +0 club.
You hit the orc. You grab the orc.
The orc is moderately wounded.
You constrict the orc. You hit the orc. You squeeze the orc.
You kill the orc!
Dithmenos accepts your kill.
You hit the endoplasm.
You kill the endoplasm!
Dithmenos accepts your kill.
You hit the orc warrior but do no damage.
You grab the orc warrior.
The orc warrior is severely wounded.
You constrict the orc warrior.
You hit the orc warrior but do no damage.
The orc warrior is severely wounded.
You constrict the orc warrior.
The orc warrior hits you with a +0 dire flail!!
Ouch! That really hurt!
You die...

###' .# .....
#...########......
#K.J.Ks..s(..#
..####o####..#
##..†@## ....
##......## ....
#..#..#.†# #####
#...##...# #...#
#...##...# #.###
#..#..#..# #.#
##......## #.#
##....## #.#
##''## #.#


You could see an orc warrior (poisoned, slow), a scorpion and a kobold.

Vanquished Creatures
  2 howler monkeys (D:4)
  A hound skeleton (D:4)
  5 adders
  An adder skeleton (D:4)
  A worm (D:4)
  10 orcs
  A bat (D:1)
  9 endoplasms
  4 giant cockroaches
  2 goblins
  7 hobgoblins
  6 jackals
  9 kobolds
  3 quokkas
  7 ball pythons
  7 frilled lizards
  9 rats
84 creatures vanquished.

Notes
Turn   | Place    | Note
-------+----------+-------------------------------------------
     0 | D:1      | firemarshallily the Octopode Brigand began the quest for
                  | the Orb.
     0 | D:1      | Reached XP level 1. HP: 14/14 MP: 1/1
   454 | D:1      | Found a faded altar of an unknown god.
   457 | D:1      | Reached XP level 2. HP: 12/19 MP: 2/2
  1183 | D:1      | Reached XP level 3. HP: 25/25 MP: 3/3
  1989 | D:2      | Reached XP level 4. HP: 30/30 MP: 4/4
  2043 | D:2      | Reached skill level 6 in Stealth
  2437 | D:3      | Found a shadowy altar of Dithmenos.
  2444 | D:3      | Became a worshipper of Dithmenos the Shadowed
  2754 | D:3      | Found a shimmering blue altar of Sif Muna.
  3443 | D:4      | Reached XP level 5. HP: 36/36 MP: 5/5
  3511 | D:4      | Reached * piety under Dithmenos
  3763 | D:4      | Identified the +2 spear "Epinky" {drain, rElec Str+4
                  | Stlth+}
  3774 | D:4      | Noticed an orc warrior
  3779 | D:4      | Reached XP level 6. HP: 33/42 MP: 6/6
  3790 | D:4      | Mangled by an orc warrior

Illustrated notes

Levels and vault maps discovered:
D:1:      giann_wishing_wells, layout_basic, hellmonk_ecumenical_altar_blasted,
          chequers_serial_rivers_micro_a, kennysheep_another_room,
          chequers_serial_rivers_small_3
D:2:      layout_rooms, glass_columns_a
D:3:      layout_basic, mainiacjoe_overflow_paths,
          nicolae_dithmenos_the_darkroom, kennysheep_generic_room_5
D:4:      minmay_polygon_palace, layout_loops_ring, mainiacjoe_overflow_alcove_1

Skill      XL: |  1  2  3  4 |
---------------+-------------+-----
Short Blades   | 3 4 |  4.5
Stealth        | 6 |  6.8
Fighting       | 3 |  3.4
Throwing       | |  2.0
Dodging        | |  1.0

Action                   |  1- 3 |  4- 6 || total
-------------------------+-------+-------++-------
Melee: Dagger            |    67 |    83 ||   150
       Tentacles         |     6 |    17 ||    23
       Constrict         |     9 |    21 ||    30
Throw: Dart              |       |     1 ||     1
  Use: Scroll            |       |     6 ||     6
 Stab: Sleeping          |    23 |    16 ||    39
Armor: Skin              |     2 |     2 ||     4
Dodge: Dodged            |    24 |    32 ||    56
